 Dungeon Crawl Stone Soup version 0.28-b1-70-g80dc712255 (webtiles) character file.

Game seed: 13212173497593900173

121 cbfl8 the Sneak (level 4, -7/40 HPs)
             Began as a Minotaur Delver on Feb 2, 2022.
             Mangled by Sigmund (10 damage)
             ... on level 2 of the Dungeon on Feb 3, 2022.
             The game lasted 00:05:22 (1709 turns).

cbfl8 the Sneak (Minotaur Delver)                   Turns: 1709, Time: 00:05:22

Health: -7/40      AC:  5    Str: 19    XL:     4   Next: 77%
Magic:  3/3        EV: 11    Int:  7    God:
Gold:   84         SH:  0    Dex: 11    Spells: 3/3 levels left

rFire   . . .      SeeInvis .   h - +2 quarterstaff (speed)
rCold   . . .      Faith    .   (shield currently unavailable)
rNeg    . . .      Spirit   .   n - +0 ring mail
rPois   .          Reflect  .   (helmet restricted)
rElec   .          Harm     .   (no cloak)
rCorr   .          Rampage  .   (no gloves)
Will    .....                   (no boots)
Stlth   ++........              (no amulet)
HPRegen 0.13/turn               (no ring)
MPRegen 0.08/turn               (no ring)

@: no status effects
A: horns 2, retaliatory headbutt
a: no special abilities


You were on level 2 of the Dungeon.
You visited 1 branch of the dungeon, and saw 5 of its levels.

You collected 84 gold pieces.

Inventory:

Hand Weapons
 a - a +0 hand axe
 h - a +2 quarterstaff of speed (weapon)
Armour
 b - a +0 leather armour
 j - a +2 kite shield
 n - a +0 ring mail (worn)
Wands
 g - a wand of digging (3)
Scrolls
 c - 4 scrolls of fog
 e - a scroll of fear
 i - a scroll of vulnerability {unknown}
 o - 2 scrolls of identify {unknown}
 q - a scroll of magic mapping
Potions
 d - a potion of berserk rage {unknown}
 f - a potion of haste
 k - a potion of invisibility {unknown}
 l - a potion of heal wounds {unknown}
 m - a potion of curing {unknown}
 p - a potion of flight {unknown}
 r - a potion of ambrosia {unknown}
 s - a potion of might {unknown}
 t - a potion of experience {unknown}
 u - 2 potions of degeneration {unknown}


   Skills:
 + Level 4.1 Fighting
 + Level 2.7 Axes
 + Level 1.6 Staves
 + Level 1.2 Armour
 + Level 2.7 Dodging
 + Level 5.1 Stealth


You had 3 spell levels left.
You didn't know any spells.
Your spell library was empty.

Dungeon Overview and Level Annotations

Branches:
Dungeon (5/15)
 Temple: D:4-7

Altars:

Annotations:
D:2 Sigmund


Innate Abilities, Weirdness & Mutations

You have a pair of horns on your head.
You reflexively headbutt those who attack you in melee.


Message History

Press ? for a list of commands and other information.
The endoplasm quivers.
The endoplasm freezes you.
You are frozen.
You hit the endoplasm. You headbutt the endoplasm.
You kill the endoplasm!
A worm comes into view.
Found a war axe.
You see here a +0 war axe.
You see here a +0 war axe.
The worm bites you.
You barely miss the worm. You headbutt the worm.
The worm is lightly wounded.
You sock the worm!
The worm is heavily wounded.
The worm bites you.
You hit the worm.
The worm is severely wounded.
You sock the worm!
You kill the worm!
HP restored.
Found 24 stones.
You see here 24 stones.
Sigmund the Dreaded comes into view.
He is wielding a +0 scythe.
Sigmund mumbles some strange words.
Sigmund flickers and vanishes!
Deactivating autopickup; reactivate with Ctrl-A.
Found a stone staircase leading down.
Something completely misses you. Something hits you!
You closely miss something. Something hits you!
You closely miss something. You barely miss something. Something hits you!
* * * LOW HITPOINT WARNING * * *
You barely miss something. You sock something! Something completely misses you.
You closely miss something. Your headbutt misses something. Something hits you!
* * * LOW HITPOINT WARNING * * *
You closely miss something. Your headbutt misses something.
You closely miss something. You headbutt something! Something hits you!
You die...

#. #. #. #. ###.
#.#. #..
########## ## ##.
.......@.## #.#
## .#.....{..#
#.###.
..>#####..# #.#..
# #..# ##.#.
#..##########.#..
#............###.
#.###########.#.#
#.# ##.## #.# #.#


There were no monsters in sight!

Vanquished Creatures
  A jelly (D:4)
  2 adders
  3 worms (D:2)
  3 dart slugs
  4 endoplasms
  3 goblins
  5 hobgoblins
  6 jackals
  7 kobolds
  3 quokkas
  7 ball pythons
  4 bats
  4 frilled lizards
  6 rats
58 creatures vanquished.

Notes
Turn   | Place    | Note
-------+----------+-------------------------------------------
     0 | D:5      | cbfl8 the Minotaur Delver began the quest for the Orb.
     0 | D:5      | Reached XP level 1. HP: 19/19 MP: 0/0
    22 | D:5      | Noticed a necrophage
    31 | D:5      | Noticed an iguana
    82 | D:4      | Noticed a hound
   144 | D:4      | Noticed a jelly
   149 | D:4      | Killed a jelly
   150 | D:4      | Reached XP level 2. HP: 27/27 MP: 1/1
   150 | D:4      | Reached XP level 3. HP: 33/33 MP: 2/2
   340 | D:3      | Reached skill level 5 in Stealth
   555 | D:2      | Reached XP level 4. HP: 38/40 MP: 3/3
   711 | D:1      | Reached skill level 1 in Staves
  1344 | D:2      | Upgraded the game from 0.28-b1-25-g9875b3fc8c to
                  | 0.28-b1-70-g80dc712255
  1508 | D:2      | Reached skill level 1 in Armour
  1697 | D:2      | Noticed Sigmund
  1709 | D:2      | Mangled by Sigmund

Illustrated notes

Levels and vault maps discovered:
D:1:      dpeg_arrival_boxes_within_box, layout_loops_cross, minmay_tetromino_s4
D:2:      layout_loops_ring, minivault_24, uniq_terence, uniq_sigmund
D:3:      layout_basic
D:4:      layout_loops_cross, gammafunk_ghost_gnarly_gnolls,
          gup_sewer_entry_bubbles
D:5:      layout_rooms, minmay_temple_entry_poolview

Skill      XL: |  1  2  3  4 |
---------------+-------------+-----
Fighting       | 4 |  4.1
Stealth        | 5 |  5.1
Staves         | 1 |  1.6
Armour         | 1 |  1.2
Axes           | |  2.7
Dodging        | |  2.7

Action                   |  1- 3 |  4- 6 || total
-------------------------+-------+-------++-------
Melee: Quarterstaff      |    45 |    66 ||   111
       Headbutt          |     6 |    14 ||    20
  Use: Scroll            |     1 |       ||     1
 Stab: Sleeping          |     2 |     1 ||     3
Armor: Leather armour    |     2 |       ||     2
       Ring mail         |    14 |    15 ||    29
Dodge: Dodged            |    26 |    38 ||    64
